 Dungeon Crawl Stone Soup version 0.19-a0-1341-g3513869 (webtiles) character file.

3471 4thArraOfDagon the Grappler (level 9, -4/74 HPs)
             Began as a Troll Ice Elementalist on Sept 1, 2016.
             Was an Elder of Kikubaaqudgha.
             Slain by an ogre
             ... wielding a +0 giant club
              (13 damage)
             ... on level 9 of the Dungeon.
             The game lasted 00:23:08 (3220 turns).

4thArraOfDagon the Grappler (TrIE)                  Turns: 3220, Time: 00:23:09

Health: -4/74      AC:  6    Str: 18    XL:     9   Next: 79%
Magic:  18/18      EV:  6    Int: 14    God:    Kikubaaqudgha [****..]
Gold:   190        SH: 20    Dex: 10    Spells: 2 memorised, 7 levels left

rFire  . . .     SeeInvis .       - Unarmed
rCold  . . .     Gourm    +     d - +1 robe
rNeg   . . .     Faith    .     t - +2 large shield
rPois  .         Spirit   .     (helmet restricted)
rElec  .         Dismiss  .     (no cloak)
rCorr  .         Reflect  +     (gloves unavailable)
MR     .....     Harm     .     (boots unavailable)
Stlth  +.........               h - +4 amulet of reflection
                                (no ring)
                                o - ring of magical power

@: no status effects
A: unfitting armour, claws 3, fast metabolism 3, gourmand, regeneration 1,
shaggy fur 1, tough skin 2
a: Receive Corpses, Renounce Religion


You were on level 9 of the Dungeon.
You worshipped Kikubaaqudgha.
Kikubaaqudgha was greatly pleased with you.
You were very full.

You visited 1 branch of the dungeon, and saw 9 of its levels.
You also visited: Bailey.

You collected 190 gold pieces.

Inventory:

Hand Weapons
 j - a +0 scythe
 x - the +7 war axe "Geabbehu" {chop, +Blink +Fly}
   (You found it on level 6 of the Dungeon)

   It inflicts extra damage upon your enemies.
   It lets you fly.
   It lets you blink.
Armour
 a - a +0 robe
 d - a +1 robe (worn)
 t - a +2 large shield (worn)
Rods
 s - a +0 rod of shadows (11/11)
   (You found it on level 9 of the Dungeon)
Jewellery
 e - an uncursed amulet of guardian spirit
 h - a +4 amulet of reflection (around neck)
 o - a ring of magical power (left claw)
Wands
 y - a wand of slowing (24/48)
 C - a wand of flame (27/48)
 D - a wand of polymorph (12/24)
Scrolls
 f - 2 scrolls of remove curse
 l - a scroll of noise {unknown}
 p - 2 scrolls of teleportation
Potions
 g - a potion of resistance
 i - a potion of berserk rage
 m - 2 potions of brilliance
 q - a potion of mutation
 r - 2 potions of lignification
 u - 2 potions of haste
 v - 2 potions of flight
 w - 2 potions of curing
 z - 4 potions of magic {unknown}
 A - 4 potions of heal wounds {unknown}
 B - 3 potions of cure mutation
Books
 b - a book of Frost

   Spells                             Type                      Level
   a - Freeze                         Ice                          1
   b - Throw Frost                    Conjuration/Ice              2
   c - Ozocubu's Armour               Charms/Ice                   3
   d - Throw Icicle                   Conjuration/Ice              4
   e - Summon Ice Beast               Ice/Summoning                4
Comestibles
 c - 5 bread rations
 k - a beef jerky
 n - 3 meat rations


   Skills:
 - Level 1.5 Dodging
 - Level 1.1 Stealth
 + Level 5.5 Shields
 * Level 11.9 Unarmed Combat
 - Level 1.2 Spellcasting
   Level 0.6 Conjurations
 - Level 2.1 Ice Magic
 + Level 0.5 Evocations


You had 7 spell levels left.
You knew the following spells:

 Your Spells              Type           Power        Failure   Level  Hunger
a - Freeze                Ice            #...         80%         1    ##.....
b - Sublimation of Blood  Necr           #.........   100%        2    ###....


Dungeon Overview and Level Annotations

Branches:
Dungeon (9/15)
 Temple: D:4-7         Lair: D:8-11         Orc: D:9-12

Altars:
Ashenzari
Dithmenos
Kikubaaqudgha
Xom

Annotations:
D:2 Ijyb
D:8 Gagarin's ghost, novice TrHu


Innate Abilities, Weirdness & Mutations

You are too large for most types of armour.
You have claws for hands.
Your metabolism is lightning-fast.
You like to eat raw meat.
Your natural rate of healing is unusually fast.
You are covered in fur. (AC +1)
You have very tough skin. (AC +2)


Message History

You reflect the stone off an invisible shield around you!
The stone misses the kobold.
The giant frog hits you.
* * * LOW HITPOINT WARNING * * *
Unknown command.
Unknown command.
Unknown command.
Unknown command.
Okay, then.
Unknown command.
Unknown command.
Evoke which item? (* to show all) (? for menu, Esc to quit)
Okay, then.
Unknown command.
Okay, then.
Unknown command.
You feel better.
The giant frog hits you but does no damage.
The ogre hits you with a giant club!
You die...
Kikubaaqudgha rasps: "You have failed me!
Welcome... death!"

#............# #......#
#.......K....# #...(..#
#.......K....# #......#
#........†...# #......#
#....§....(§.# #......#
#...§.≈≈≈§≈§.# #†.....#
#....≈≈≈.§≈§.### #......#
#....≈≈§§≈≈≈...####......#
#....§.§§≈.≈..@...)......#
#....≈§≈§≈.≈.OF..........#
#....§≈≈≈.≈≈K............#
#.....≈§)≈§$K...........##
.(...KK.............# ..
...(.K..............# ..
.((.................# ..
....................# .
...........<.........


You could see 2 big kobolds, an ogre, a giant frog and 5 kobolds.

Vanquished Creatures
  Sigmund (D:2)
  A hippogriff (D:6)
  A hungry ghost (D:7)
  2 water moccasins
  2 orc warriors
  A black bear (D:7)
  4 ogres
  The ghost of Xiguana the Skirmisher, an amateur DsCK of Xom (D:3)
  An ice beast (D:6)
  2 phantoms
  A centaur (D:6)
  A giant frog (D:9)
  2 big kobolds
  A scorpion (D:4)
  5 killer bees (D:7)
  5 howler monkeys
  A giant frog zombie (D:9)
  A centaur zombie (D:5)
  3 crimson imps
  A jelly (D:5)
  2 giant frog skeletons
  5 orc priests
  A gnoll shaman (D:5)
  4 hounds
  5 orc wizards
  3 worker ants
  An iguana (D:6)
  A killer bee zombie (D:6)
  19 gnolls
  A howler monkey skeleton (D:4)
  4 adders (D:3)
  2 shadow imps
  An ooze (D:4)
  An adder skeleton (D:5)
  4 worms
  A dart slug (D:2)
  3 giant geckos
  22 orcs
  A ball python (D:3)
  5 bats
  3 giant cockroaches
  9 goblins
  17 hobgoblins
  A quokka (D:3)
  A giant cockroach zombie (D:5)
  A giant gecko zombie (D:4)
  3 giant newts
  24 kobolds
  3 rats
185 creatures vanquished.

Vanquished Creatures (others)
  A yak (D:9)
  A hound (D:9)
  An adder (D:9)
  An orc (D:9)
  A hobgoblin (Bailey)
  A jackal (D:9)
  A kobold (D:9)
7 creatures vanquished.

Grand Total: 192 creatures vanquished

Notes
Turn   | Place    | Note
-------+----------+-------------------------------------------
     0 | D:1      | 4thArraOfDagon the Troll Ice Elementalist began the quest for the Orb.
     0 | D:1      | Reached XP level 1. HP: 16/16 MP: 1/1
    36 | D:2      | Found a faded altar of an unknown god.
    36 | D:2      | Noticed Sigmund
    37 | D:2      | Noticed Ijyb
    43 | D:2      | Became a worshipper of Kikubaaqudgha
    43 | D:2      | Reached * piety under Kikubaaqudgha
    43 | D:2      | Identified Kikubaaqudgha's Incunabulum of Evil Rituals (Kikubaaqudgha gifted it to you on level 2 of the Dungeon)
    43 | D:2      | Received a gift from Kikubaaqudgha
    51 | D:1      | Reached skill level 1 in Unarmed Combat
   107 | D:1      | 4thArraOfDagon: ok lets just win this one without forcing
   111 | D:1      | Reached XP level 2. HP: 24/24 MP: 2/2
   146 | D:1      | Turgon: Oh, in 0.16 I have an OgHu of Ash with 3 runes, actually farming XP in Zot
   167 | D:1      | Turgon: I'm not sure I like this char
   171 | D:1      | 4thArraOfDagon: farming xp in zot?
   171 | D:1      | 4thArraOfDagon: thats pretty much overkill
   175 | D:1      | Turgon: yes
   184 | D:1      | Reached skill level 2 in Unarmed Combat
   190 | D:1      | Turgon: LOTS of XP!
   190 | D:1      | 4thArraOfDagon: man
   190 | D:1      | 4thArraOfDagon: if you can have good time in zot
   190 | D:1      | 4thArraOfDagon: then i dont know what can hurt you
   223 | D:1      | Turgon: I often did it to prepare for extended
   273 | D:1      | Turgon: Because Zot is more or less easy, you can dig, +Inv kills dracos
   311 | D:2      | Killed Sigmund
   311 | D:2      | Reached skill level 5 in Unarmed Combat
   311 | D:2      | Reached XP level 3. HP: 26/31 MP: 3/3
   311 | D:2      | Reached XP level 4. HP: 33/39 MP: 4/4
   311 | D:2      | Reached XP level 5. HP: 38/45 MP: 5/5
   327 | D:2      | Turgon: You get lots of XP for, let's say, cBlink or statue form which you could want in extended
   341 | D:2      | 4thArraOfDagon: hmm yeah
   363 | D:2      | Learned a level 2 spell: Sublimation of Blood
   484 | D:3      | Noticed Xiguana's ghost (amateur DsCK)
   499 | D:3      | Turgon: With about 2k turns you can get a stronger char
   502 | D:3      | Killed Xiguana's ghost
   502 | D:3      | Reached skill level 6 in Unarmed Combat
   502 | D:3      | Reached XP level 6. HP: 47/53 MP: 6/6
   544 | D:3      | Reached ** piety under Kikubaaqudgha
   551 | D:3      | Turgon: Well, other players like you get their XP in tomb
   569 | D:3      | Turgon: I often did it as last rune
   730 | D:3      | Found a shattered altar of Ashenzari.
   930 | D:4      | Turgon: However, with removal of cTele backtracking needs too many turns
   952 | D:4      | Reached skill level 7 in Unarmed Combat
  1064 | D:4      | Turgon: So slime is 3rd now, vaults 4th rune and tomb 5th rune I suppose
  1064 | D:4      | 4thArraOfDagon: heh yeah
  1115 | D:4      | Reached skill level 1 in Shields
  1115 | D:4      | 4thArraOfDagon: question is how much you want to push this
  1115 | D:4      | Reached XP level 7. HP: 56/59 MP: 7/7
  1175 | D:4      | 4thArraOfDagon: what are you aiming
  1176 | D:5      | Entered Level 5 of the Dungeon
  1239 | D:5      | Turgon: Not sure
  1253 | D:5      | 4thArraOfDagon: what is your goal Turgon
  1253 | D:5      | 4thArraOfDagon: what is your goal
  1260 | D:5      | Turgon: Not sure
  1266 | D:5      | 4thArraOfDagon: in life i mean :D
  1290 | D:5      | Turgon: oh
  1387 | D:5      | Turgon: That's about philosophy...
  1431 | D:5      | Reached *** piety under Kikubaaqudgha
  1431 | D:5      | Identified Kikubaaqudgha's Catalogue of Evil (Kikubaaqudgha gifted it to you on level 5 of the Dungeon)
  1431 | D:5      | Received a gift from Kikubaaqudgha
  1432 | D:5      | 4thArraOfDagon: yeah i know just kidding
  1432 | D:5      | 4thArraOfDagon: im in that kind of nostalgic mood
  1436 | D:5      | Reached skill level 8 in Unarmed Combat
  1540 | D:6      | Reached XP level 8. HP: 67/67 MP: 8/8
  1622 | D:6      | Reached skill level 9 in Unarmed Combat
  1670 | D:6      | Turgon: Nostalgic? Do you remember hive? Everything yellow? 100s of bees? Lots of food?
  1686 | D:6      | 4thArraOfDagon: ah yeah
  1686 | D:6      | 4thArraOfDagon: thanks for bringing me down
  1686 | D:6      | 4thArraOfDagon: :D
  1729 | D:6      | Got a translucent war axe
  1734 | D:6      | Identified the +7 war axe "Geabbehu" {chop, +Blink +Fly} (You found it on level 6 of the Dungeon)
  1765 | D:6      | 4thArraOfDagon: i miss hive!
  1780 | D:6      | 4thArraOfDagon: with all those new monsters they should bring it back!
  1788 | D:6      | 4thArraOfDagon: as optional to slime
  1788 | D:6      | 4thArraOfDagon: with all that smiting and corrode
  1843 | D:6      | Turgon: Buff queen bee and let it guard the yellow rune
  1959 | D:7      | Reached skill level 10 in Unarmed Combat
  1990 | D:7      | 4thArraOfDagon: lets make it real
  1990 | D:7      | 4thArraOfDagon: !
  2056 | D:7      | Reached XP level 9. HP: 67/74 MP: 9/9
  2129 | D:7      | Turgon: One of the first things I remember of YOU:
  2218 | D:7      | Turgon: You were running around in Coc at about 45 k turns or so
  2221 | D:7      | 4thArraOfDagon: yea, and?
  2221 | D:7      | Turgon: I thought that guy is crazy!
  2228 | D:7      | Found a flagged portal.
  2233 | D:7      | Turgon: SO EARLY in hells!
  2239 | D:7      | 4thArraOfDagon: muahahaha
  2239 | D:7      | Turgon: For me it was 50 k turns to get silver rune
  2239 | D:7      | Turgon: that was normal
  2247 | Bailey   | Entered a bailey
  2318 | Bailey   | 4thArraOfDagon: i dont even remember who started this
  2318 | Bailey   | 4thArraOfDagon: turn shaving madness
  2323 | Bailey   | 4thArraOfDagon: probably elliptic?
  2328 | Bailey   | Turgon: Today I consider every 15-runer in > 40 k turns a slow game
  2372 | Bailey   | Turgon: Well, PurpleRed did many speedruns
  2392 | Bailey   | Turgon: He kept 12 or 13 species HS
  2409 | Bailey   | Reached **** piety under Kikubaaqudgha
  2444 | Bailey   | 4thArraOfDagon: oh my
  2444 | Bailey   | 4thArraOfDagon: yea
  2444 | Bailey   | 4thArraOfDagon: im quite sure
  2444 | Bailey   | 4thArraOfDagon: if he only wanted
  2444 | Bailey   | 4thArraOfDagon: he would return to his rightful throne
  2444 | Bailey   | 4thArraOfDagon: and would do it in streak!
  2472 | Bailey   | Turgon: Not sure who started with tele spamming
  2491 | Bailey   | Turgon: You did it as well then
  2499 | Bailey   | Reached skill level 11 in Unarmed Combat
  2525 | Bailey   | Turgon: After a while I did it as well
  2590 | D:7      | Reached skill level 5 in Shields
  2631 | D:8      | Found a shadowy altar of Dithmenos.
  2671 | D:8      | 4thArraOfDagon: man!
  2671 | D:8      | 4thArraOfDagon: telespam was one of those things
  2671 | D:8      | 4thArraOfDagon: that could make you cry watching crazy players like sapher and charly to melt down your scores
  2714 | D:8      | Turgon: :-)
  2750 | D:8      | Turgon: Well, and early game scumming
  2806 | D:9      | Turgon: No god after 1 k turns? ctrl-q
  2822 | D:9      | Turgon: Bad mutations by muta meat? ctrl-q
  2831 | D:9      | Turgon: I never liked this way
  2843 | D:9      | 4thArraOfDagon: thats + for you
  2843 | D:9      | 4thArraOfDagon: i couldnt stand game >500 without a god
  2948 | D:8      | Turgon: :-)
  2995 | D:8      | Noticed Gagarin's ghost (novice TrHu)
  3003 | D:8      | 4thArraOfDagon: im still amazed
  3003 | D:8      | 4thArraOfDagon: that you didnt go into serious speedrunning race recently
  3036 | D:9      | Turgon: DD ?
  3048 | D:9      | 4thArraOfDagon: like man
  3048 | D:9      | 4thArraOfDagon: i have learned so many things from you
  3056 | D:9      | Turgon: Oh thanks
  3056 | D:9      | 4thArraOfDagon: and still do after all those years
  3088 | D:9      | Turgon: DD doesn't work with Ash btw
  3119 | D:9      | Identified a +0 rod of shadows (11/11) (You found it on level 9 of the Dungeon)
  3159 | D:9      | Found a shimmering altar of Xom.
  3217 | D:9      | Turgon: And I want to play the chars I like
  3219 | D:9      | HP: 2/74 [giant frog (5)]
  3220 | D:9      | Slain by an ogre

Vault maps used:
D:1:      minmay_arrival_open_corners
D:2:      ecumenical_altar_2, uniq_sigmund, uniq_iyjb
D:3:      lemuel_round_altar, first_bread
D:5:      uniq_menkaure
D:6:      lemuel_coloured_pillars_altar
D:7:      enter_bailey_3
D:8:      kennysheep_mini_moat, lemuel_mausoleum_altar_kikubaaqudgha,
          nemelex_dance_club_becter, uniq_psyche
D:9:      xom_confusion_cloud
Bailey:   bailey_axe_2, bailey

Skill      XL: |  1  2  3  4  5  6  7  8  9 |
---------------+----------------------------+-----
Unarmed Combat | 1 5 6 7 8 10 11 | 11.9
Shields        | 1 2 4 5 |  5.5
Dodging        | |  1.5
Stealth        | |  1.1
Spellcasting   | |  1.2
Conjurations   | |  0.6
Ice Magic      | |  2.1
Evocations     | |  0.5

Action                   |  1- 3 |  4- 6 |  7- 9 || total
-------------------------+-------+-------+-------++-------
Melee: Unarmed           |    44 |   174 |   482 ||   700
       Punch             |       |     1 |       ||     1
Evoke: Wand              |       |       |     2 ||     2
  Use: Potion            |     1 |       |     3 ||     4
       Scroll            |       |       |    15 ||    15
 Stab: Sleeping          |       |     1 |     2 ||     3
       Distracted        |       |     1 |       ||     1
  Eat: Chunk             |     7 |     3 |    25 ||    35
       Beef jerky        |       |     1 |       ||     1
Armor: Robe              |    14 |    24 |    51 ||    89
       Skin              |     8 |     1 |     7 ||    16
Dodge: Dodged            |    24 |    55 |    49 ||   128
Block: Other             |     4 |    12 |       ||    16
       Large shield      |       |    42 |   456 ||   498
       Reflection        |       |       |    25 ||    25
